 Seeded DCSS version 0.31-a0-496-g6f97920a28 (webtiles) character file.

Game seed: 7415222406553760909 (custom seed)

11 innerfire43 the Trooper (level 2, 0/24 HPs)
             Began as a Demonspawn Monk on Aug 8, 2023.
             Slain by a quokka (4 damage)
             ... on level 1 of the Dungeon.
             The game lasted 00:00:32 (65 turns).

innerfire43 the Trooper (Demonspawn Monk)             Turns: 65, Time: 00:00:32

Health: 0/24       AC:  2    Str: 11    XL:     2   Next: 13%
Magic:  2/2        EV: 13    Int: 11    God:
Gold:   17         SH:  0    Dex: 15    Spells: 1/1 levels left

rFire   . . .        a - +0 spear
rCold   . . .        d - orb {light}
rNeg    . . .        b - +0 robe
rPois   .            (no helmet)
rElec   .            (no cloak)
rCorr   .            (no gloves)
SInv    .            (no boots)
Will    .....        (no amulet)
Stlth   +            (no ring)
HPRegen 0.24/turn    (no ring)
MPRegen 0.08/turn

%: no passive effects
@: glowing
A: spiny 1
a: no special abilities


You were on level 1 of the Dungeon.
You visited 1 branch of the dungeon, and saw 1 of its levels.

You collected 17 gold pieces.

Inventory:

Hand Weapons
 a - a +0 spear (weapon)
Armour
 b - a +0 robe (worn)
 d - an orb of light (worn)
Jewellery
 e - a ring of wizardry
Potions
 c - a potion of ambrosia
 f - a potion of curing {unknown}


   Skills:
 + Level 3.1 Fighting
 + Level 2.8 Polearms
 + Level 0.3(1.7) Staves
 * Level 2.8 Dodging
 * Level 0.5 Invocations
 * Level 0.2 Shapeshifting


You had one spell level left.
You didn't know any spells.
Your spell library was empty.

Dungeon Overview and Level Annotations

Branches:
Dungeon (1/15)

Altars:


Innate Abilities, Weirdness & Mutations

You are partially covered in sharp spines.


Message History

The quokka closely misses you.
A giant cockroach comes into view.
The jackal is struck by your spines. The jackal barely misses you.
You are too injured to fight recklessly!
Unknown command.
You are too injured to fight recklessly!
Unknown command.
You hit the jackal.
The jackal is almost dead.
The giant cockroach bites you but does no damage.
The jackal is struck by your spines.
You kill the jackal!
The quokka closely misses you.
Unknown command.
The giant cockroach is struck by your spines.
The giant cockroach completely misses you.
The quokka bites you but does no damage.
You see here a jackal corpse.
You hit the giant cockroach.
The giant cockroach is heavily wounded.
The giant cockroach is struck by your spines.
The giant cockroach completely misses you.
The quokka barely misses you. The rat is struck by your spines.
The rat barely misses you.
Unknown command.
You barely miss the giant cockroach.
The giant cockroach is severely wounded.
The giant cockroach misses you. The quokka is struck by your spines.
The quokka bites you. The rat misses you.
The giant cockroach is struck by your spines.
You kill the giant cockroach!
Unknown command.
You hit the rat but do no damage.
The rat is heavily wounded.
The quokka bites you.
* * * LOW HITPOINT WARNING * * *
The rat is struck by your spines.
You kill the rat!
The quokka bites you.
You die...

.....#..###.## ##.
#..#.....##.# ##### #..
###.#....#.# #.... #.#
##.....#.... #.....
#.####...#.......
.)....##............#...
........$.......#####...
##....#†..........###...
.......@.......)...###.#
......Br..####†.#..##...
.......>.## #..######.#
......>..# #..# ..
.........# #.## #
#...###### ... #..# ...
#.. ....


You could see a quokka and a giant cockroach.

Vanquished Creatures
  A bat (D:1)
  A giant cockroach (D:1)
  A goblin (D:1)
  A hobgoblin (D:1)
  3 jackals (D:1)
  A ball python (D:1)
  2 rats (D:1)
10 creatures vanquished.

Notes
Turn   | Place    | Note
-------+----------+-------------------------------------------
     0 | D:1      | innerfire43 the Demonspawn Monk began the quest for the
                  | Orb.
     0 | D:1      | Reached XP level 1. HP: 18/18 MP: 1/1
    60 | D:1      | Gained mutation: You are partially covered in sharp spines.
                  | [demonic ancestry]
    60 | D:1      | Reached XP level 2. HP: 14/24 MP: 2/2
    65 | D:1      | Slain by a quokka

Illustrated notes

Levels and vault maps discovered:
D:1:      spicycebolla_green_bress_n_ham_2, layout_rooms, serial_shops, shop,
          minmay_misc_feat_hallway

Action                     || total
---------------------------++-------
  Melee: Spear             ||    24
 Armour: Robe              ||     7
  Dodge: Dodged            ||    23

Table legend: (Time is in decaauts)
 A = Elapsed time spent in this place.
 B = Non-inter-level travel time spent in this place.
 C = Inter-level travel time spent in this place.
 D = Time resting spent in this place.
 E = Time spent auto-exploring this place.
 F = Levels seen in this place.
 G = Mean time per level.
                   A        B        C        D        E       F      G
               +--------+--------+--------+--------+--------+-----+--------+
         Total |     64 |     64 |      0 |      0 |     26 |   1 |   64.0 |
       Dungeon |     64 |     64 |      0 |      0 |     26 |   1 |   64.0 |
               +--------+--------+--------+--------+--------+-----+--------+

Top non-repeatable levels by time:
     D:1: 64 daAuts
